[ AOE2 MATCH · #505792149 ]
UnrankedByzantines vs Huns
Player's team · WIN
Rival team · LOSS
[ REPLAY ANALYSIS · EXTRACTED FROM THE RECORDED GAME ]
Feudal
8:51
Castle
21:01
Imperial
34:44
| APM avg | 86.8 |
| APM peak | 158 |
| eAPM avg | 26.6 |
| Villagers / military | 134 / 92 |
Focus
⚔️ 35.2% · 🌾 64.8%
Skirmisher ×45 · Archer ×21 · Camel Scout ×17 · Militia ×5 · Battering Ram ×2 · Monk ×1
Feudal
8:50
Castle
22:25
Imperial
36:12
| APM avg | 64.7 |
| APM peak | 94 |
| eAPM avg | 22.2 |
| Villagers / military | 122 / 94 |
Focus
⚔️ 32.1% · 🌾 67.9%
Skirmisher ×55 · Cavalry Archer ×37 · Mangonel ×2
Match map
Initial resources + every placement click. Lines = walls · curves = elevation contours. ◆ gold · ⬟ stone · ● berries · ✦ relic · ◌ wall gap
Your base· Open — opponent sealed themselves in
inscale's base· ✓ Closed at 22:25 · 83t walls · no gate
Smoothed initial terrain · ◌ = detected wall gap · hover for details
Inputs per minute
— tomyam - - inscale
Build order — tomyam
First 150 of 407 actions detected
| 0:00 | Create | Villager (Male) |
| 0:00 | Create | Villager (Male) |
| 0:01 | Create | Villager (Male) |
| 0:01 | Create | Villager (Male) |
| 0:02 | Build | House |
| 0:03 | Build | House |
| 1:24 | Create | Villager (Male) |
| 1:25 | Create | Villager (Male) |
| 1:51 | Build | Lumber Camp |
| 1:59 | Create | Villager (Male) |
| 1:59 | Create | Villager (Male) |
| 2:13 | Create | Villager (Male) |
| 2:14 | Create | Villager (Male) |
| 2:46 | Create | Villager (Male) |
| 2:46 | Create | Villager (Male) |
| 3:18 | Create | Villager (Male) |
| 3:20 | Create | Villager (Male) |
| 3:52 | Build | House |
| 4:00 | Create | Villager (Male) |
| 4:25 | Create | Villager (Male) |
| 4:34 | Create | Villager (Male) |
| 4:57 | Build | Barracks |
| 5:08 | Create | Villager (Male) |
| 5:25 | Create | Villager (Male) |
| 5:44 | Create | Villager (Male) |
| 5:47 | Build | House |
| 6:09 | Research | Loom |
| 6:40 | Research | Feudal Age |
| 6:53 | Create | Militia |
| 6:56 | Build | Mining Camp |
| 7:13 | Create | Militia |
| 7:43 | Create | Militia |
| 7:43 | Create | Militia |
| 7:44 | Create | Militia |
| 8:36 | Build | House |
| 8:37 | Build | House |
| 8:43 | Build | Mill |
| 8:51 | Age | Feudal Age |
| 8:54 | Create | Villager (Male) |
| 8:55 | Research | Man-at-Arms (upgrade) |
| 8:55 | Research | Man-at-Arms (upgrade) |
| 9:15 | Create | Villager (Male) |
| 9:23 | Create | Villager (Male) |
| 9:35 | Create | Villager (Male) |
| 9:42 | Create | Villager (Male) |
| 10:16 | Create | Villager (Male) |
| 10:19 | Build | Archery Range |
| 10:28 | Build | House |
| 10:41 | Research | Double-Bit Axe |
| 10:41 | Research | Double-Bit Axe |
| 10:57 | Create | Villager (Male) |
| 11:05 | Build | House |
| 11:12 | Create | Villager (Male) |
| 11:18 | Research | Horse Collar |
| 11:18 | Research | Horse Collar |
| 11:21 | Build | Farm |
| 11:23 | Build | Farm |
| 11:27 | Build | Palisade Wall |
| 11:32 | Create | Archer |
| 11:45 | Create | Villager (Male) |
| 11:48 | Build | Farm |
| 11:51 | Create | Archer |
| 11:57 | Build | House |
| 12:16 | Build | Palisade Wall |
| 12:23 | Create | Villager (Male) |
| 12:28 | Build | Palisade Wall |
| 12:46 | Create | Archer |
| 12:50 | Create | Villager (Male) |
| 12:55 | Build | Farm |
| 13:00 | Build | Palisade Wall |
| 13:08 | Build | Farm |
| 13:16 | Build | Farm |
| 13:21 | Build | Farm |
| 13:21 | Create | Villager (Male) |
| 13:32 | Build | Palisade Wall |
| 13:35 | Create | Archer |
| 13:41 | Create | Villager (Male) |
| 13:41 | Create | Villager (Male) |
| 13:43 | Build | Farm |
| 13:48 | Create | Archer |
| 13:52 | Build | Palisade Gate |
| 14:11 | Create | Villager (Male) |
| 14:13 | Build | Farm |
| 14:35 | Create | Villager (Male) |
| 14:48 | Build | Blacksmith |
| 14:49 | Create | Villager (Male) |
| 15:09 | Create | Villager (Male) |
| 15:12 | Build | Farm |
| 15:13 | Create | Villager (Male) |
| 15:30 | Build | Farm |
| 15:38 | Build | House |
| 15:40 | Research | Fletching |
| 15:40 | Research | Fletching |
| 15:43 | Create | Villager (Male) |
| 15:54 | Create | Villager (Male) |
| 15:57 | Build | Farm |
| 15:59 | Create | Villager (Male) |
| 16:01 | Build | Farm |
| 16:25 | Create | Villager (Male) |
| 16:28 | Build | Farm |
| 16:48 | Create | Villager (Male) |
| 16:51 | Create | Archer |
| 17:24 | Create | Archer |
| 17:37 | Build | House |
| 17:37 | Build | House |
| 18:17 | Research | Castle Age |
| 18:39 | Create | Archer |
| 18:58 | Create | Villager (Male) |
| 19:00 | Build | Stable |
| 19:03 | Create | Archer |
| 19:09 | Research | Padded Archer Armor |
| 19:09 | Research | Padded Archer Armor |
| 19:15 | Build | Lumber Camp |
| 19:29 | Build | Archery Range |
| 19:37 | Create | Archer |
| 19:45 | Create | Archer |
| 19:54 | Build | Farm |
| 19:58 | Create | Archer |
| 20:09 | Create | Archer |
| 20:16 | Research | Scale Barding Armor |
| 20:18 | Create | Archer |
| 20:23 | Create | Archer |
| 20:45 | Research | Gold Mining |
| 20:45 | Research | Gold Mining |
| 20:48 | Create | Archer |
| 21:01 | Age | Castle Age |
| 21:02 | Research | Crossbowman (upgrade) |
| 21:03 | Research | Bodkin Arrow |
| 21:03 | Research | Bodkin Arrow |
| 21:16 | Create | Camel Scout |
| 21:21 | Build | Town Center |
| 21:29 | Build | Farm |
| 21:30 | Create | Villager (Male) |
| 21:37 | Create | Archer |
| 21:37 | Create | Archer |
| 21:40 | Create | Villager (Male) |
| 21:54 | Research | Bow Saw |
| 21:54 | Research | Bow Saw |
| 22:03 | Create | Villager (Male) |
| 22:24 | Create | Villager (Male) |
| 22:25 | Create | Archer |
| 22:25 | Create | Archer |
| 22:31 | Create | Villager (Male) |
| 22:33 | Create | Archer |
| 22:35 | Create | Camel Scout |
| 22:52 | Build | Town Center |
| 22:55 | Create | Villager (Male) |
| 23:13 | Create | Villager (Male) |
| 23:20 | Create | Villager (Male) |
| 23:36 | Create | Villager (Male) |
Build order — inscale
First 150 of 301 actions detected
| 0:00 | Create | Villager (Male) |
| 0:01 | Create | Villager (Male) |
| 0:11 | Create | Villager (Male) |
| 0:11 | Create | Villager (Male) |
| 1:26 | Create | Villager (Male) |
| 1:53 | Create | Villager (Male) |
| 1:58 | Create | Villager (Male) |
| 1:58 | Create | Villager (Male) |
| 2:06 | Build | Lumber Camp |
| 2:14 | Create | Villager (Male) |
| 3:04 | Create | Villager (Male) |
| 3:04 | Create | Villager (Male) |
| 3:35 | Create | Villager (Male) |
| 3:37 | Create | Villager (Male) |
| 4:21 | Create | Villager (Male) |
| 4:39 | Build | Palisade Wall |
| 4:59 | Create | Villager (Male) |
| 5:01 | Create | Villager (Male) |
| 5:05 | Create | Villager (Male) |
| 5:09 | Create | Villager (Male) |
| 5:15 | Create | Villager (Male) |
| 5:25 | Create | Villager (Male) |
| 5:26 | Create | Villager (Male) |
| 5:37 | Build | Palisade Wall |
| 5:55 | Build | Mill |
| 6:00 | Research | Loom |
| 6:26 | Build | Palisade Wall |
| 6:37 | Research | Feudal Age |
| 6:42 | Build | Palisade Wall |
| 7:02 | Create | Villager (Male) |
| 7:20 | Build | Lumber Camp |
| 7:37 | Build | Palisade Wall |
| 8:16 | Build | Palisade Wall |
| 8:18 | Build | Palisade Wall |
| 8:50 | Age | Feudal Age |
| 9:00 | Build | Barracks |
| 9:00 | Create | Villager (Male) |
| 9:16 | Create | Villager (Male) |
| 9:17 | Create | Villager (Male) |
| 9:20 | Build | Palisade Wall |
| 9:29 | Build | Palisade Wall |
| 9:31 | Build | Palisade Wall |
| 9:38 | Build | Palisade Wall |
| 9:39 | Create | Villager (Male) |
| 9:41 | Build | Palisade Wall |
| 9:44 | Build | Palisade Wall |
| 9:46 | Build | Palisade Wall |
| 9:48 | Create | Villager (Male) |
| 10:02 | Create | Villager (Male) |
| 10:16 | Build | Archery Range |
| 10:31 | Build | Palisade Wall |
| 10:33 | Build | Palisade Wall |
| 11:06 | Create | Skirmisher |
| 11:11 | Build | Palisade Wall |
| 11:14 | Build | Palisade Wall |
| 11:34 | Create | Villager (Male) |
| 11:54 | Create | Skirmisher |
| 12:10 | Create | Villager (Male) |
| 12:13 | Create | Villager (Male) |
| 12:13 | Create | Villager (Male) |
| 12:15 | Build | Farm |
| 12:21 | Create | Villager (Male) |
| 12:21 | Create | Villager (Male) |
| 12:42 | Create | Skirmisher |
| 12:42 | Create | Skirmisher |
| 13:02 | Research | Double-Bit Axe |
| 13:10 | Create | Skirmisher |
| 13:14 | Build | Farm |
| 13:15 | Create | Villager (Male) |
| 13:18 | Build | Farm |
| 13:32 | Create | Villager (Male) |
| 13:43 | Build | Farm |
| 13:52 | Build | Farm |
| 13:57 | Create | Skirmisher |
| 14:00 | Create | Villager (Male) |
| 14:05 | Create | Villager (Male) |
| 14:16 | Build | Palisade Wall |
| 14:17 | Create | Villager (Male) |
| 14:19 | Build | Farm |
| 14:22 | Create | Villager (Male) |
| 14:30 | Build | Palisade Wall |
| 14:35 | Create | Villager (Male) |
| 14:37 | Build | Farm |
| 14:53 | Build | Farm |
| 15:15 | Build | Farm |
| 15:20 | Build | Farm |
| 15:29 | Build | Farm |
| 15:37 | Build | Farm |
| 16:16 | Create | Villager (Male) |
| 16:21 | Build | Blacksmith |
| 16:22 | Create | Villager (Male) |
| 16:27 | Create | Skirmisher |
| 16:52 | Create | Villager (Male) |
| 17:04 | Build | Palisade Wall |
| 17:09 | Research | Fletching |
| 17:10 | Research | Padded Archer Armor |
| 17:13 | Create | Skirmisher |
| 17:19 | Create | Villager (Male) |
| 17:21 | Build | Mining Camp |
| 17:22 | Create | Villager (Male) |
| 17:26 | Create | Skirmisher |
| 17:26 | Create | Skirmisher |
| 18:02 | Build | Palisade Wall |
| 18:29 | Create | Villager (Male) |
| 18:59 | Create | Villager (Male) |
| 19:45 | Research | Castle Age |
| 19:45 | Research | Castle Age |
| 19:48 | Build | Farm |
| 19:50 | Build | Farm |
| 20:09 | Build | Palisade Wall |
| 20:19 | Research | Horse Collar |
| 20:19 | Create | Villager (Male) |
| 20:34 | Build | Archery Range |
| 20:37 | Build | Stable |
| 20:49 | Build | Archery Range |
| 21:11 | Build | Watch Tower |
| 21:14 | Build | Farm |
| 21:19 | Research | Gold Mining |
| 21:38 | Build | Palisade Wall |
| 21:54 | Research | Bloodlines |
| 21:56 | Build | Farm |
| 22:20 | Create | Skirmisher |
| 22:21 | Create | Skirmisher |
| 22:25 | Age | Castle Age |
| 22:29 | Research | Wheelbarrow |
| 22:29 | Create | Villager (Male) |
| 22:36 | Research | Elite Skirmisher (upgrade) |
| 22:37 | Research | Bodkin Arrow |
| 22:44 | Create | Villager (Male) |
| 22:44 | Create | Villager (Male) |
| 23:04 | Research | Leather Archer Armor |
| 23:04 | Research | Leather Archer Armor |
| 23:15 | Create | Cavalry Archer |
| 23:15 | Create | Cavalry Archer |
| 23:19 | Create | Villager (Male) |
| 23:19 | Create | Villager (Male) |
| 23:24 | Create | Cavalry Archer |
| 23:24 | Create | Cavalry Archer |
| 23:28 | Build | Farm |
| 23:32 | Create | Villager (Male) |
| 23:33 | Create | Villager (Male) |
| 23:43 | Build | Farm |
| 23:51 | Build | Farm |
| 23:51 | Build | Farm |
| 23:58 | Create | Villager (Male) |
| 23:59 | Build | Farm |
| 23:59 | Build | Farm |
| 24:05 | Build | Farm |
| 24:05 | Build | Farm |
| 24:13 | Create | Villager (Male) |
Match timeline
| 4:39 | inscale · wall_segment Palisade Wall x5 |
| 4:57 | tomyam · first_building Barracks |
| 5:37 | inscale · wall_segment Palisade Wall x7 |
| 6:26 | inscale · wall_segment Palisade Wall x11 |
| 6:42 | inscale · wall_segment Palisade Wall x6 |
| 7:37 | inscale · wall_segment Palisade Wall x9 |
| 8:16 | inscale · wall_segment Palisade Wall x7 |
| 8:18 | inscale · wall_segment Palisade Wall x9 |
| 8:50 | inscale · age_up feudal |
| 8:51 | tomyam · age_up feudal |
| 9:00 | inscale · first_building Barracks |
| 9:20 | inscale · wall_segment Palisade Wall x3 |
| 9:29 | inscale · wall_segment Palisade Wall x1 |
| 9:31 | inscale · wall_segment Palisade Wall x1 |
| 9:38 | inscale · wall_segment Palisade Wall x1 |
| 9:41 | inscale · wall_segment Palisade Wall x1 |
| 9:44 | inscale · wall_segment Palisade Wall x1 |
| 9:46 | inscale · wall_segment Palisade Wall x1 |
| 10:16 | inscale · first_building Archery Range |
| 10:19 | tomyam · first_building Archery Range |
| 10:31 | inscale · wall_segment Palisade Wall x4 |
| 10:33 | inscale · wall_segment Palisade Wall x5 |
| 11:11 | inscale · wall_segment Palisade Wall x3 |
| 11:14 | inscale · wall_segment Palisade Wall x1 |
| 11:27 | tomyam · wall_segment Palisade Wall x3 |
| 12:16 | tomyam · wall_segment Palisade Wall x15 |
| 12:28 | tomyam · wall_segment Palisade Wall x13 |
| 13:00 | tomyam · wall_segment Palisade Wall x8 |
| 13:32 | tomyam · wall_segment Palisade Wall x4 |
| 14:16 | inscale · wall_segment Palisade Wall x5 |
| 14:30 | inscale · wall_segment Palisade Wall x1 |
| 17:04 | inscale · wall_segment Palisade Wall x1 |
| 18:02 | inscale · wall_segment Palisade Wall x1 |
| 19:00 | tomyam · first_building Stable |
| 20:09 | inscale · wall_segment Palisade Wall x1 |
| 20:37 | inscale · first_building Stable |
| 21:01 | tomyam · age_up castle |
| 21:38 | inscale · wall_segment Palisade Wall x1 |
| 22:25 | inscale · age_up castle |
| 23:44 | tomyam · first_building Siege Workshop |
| 24:16 | tomyam · first_building Monastery |
| 24:56 | inscale · wall_segment Palisade Wall x1 |
| 30:45 | inscale · first_building Siege Workshop |
| 31:00 | tomyam · wall_segment Palisade Wall x1 |
| 34:44 | tomyam · age_up imperial |
| 35:01 | inscale · first_building Castle |
| 36:12 | inscale · age_up imperial |
| 37:48 | tomyam · first_building Castle |
| 38:17 | inscale · resign |
[ AI ANALYSIS · 1 CREDIT ]
What really happened in this match?
Wolo.gg analyzes every decision: build order, eco, micro, common mistakes by bracket. Personalized analysis on WhatsApp or Discord in 30 seconds.
Civ guide
Byzantines
Perfil
Jugador #2646845